Red Wings vs Bruins

Created - 23 décembre 2017 at 15:59

Goals
1 2 3 OT1 T
Red Wings 2 1 0 1 4
Bruins 2 1 0 0 3
Shots
1 2 3 OT1 T
Red Wings 13 12 15 4 44
Bruins 20 17 10 7 54

1st period

1. Red Wings , Matt Moulson 11 (Erik Gudbranson 10) at 4:12
2. Bruins , Alex Goligoski 3 (Brad Marchand 25, Phil Kessel 15) at 9:58 (PP)
3. Bruins , Phil Kessel 12 (Brent Burns 11) at 11:29 (SH)
4. Red Wings , Brooks Orpik 8 (Kris Versteeg 16, Matt Moulson 14) at 11:43 (PP)

Penalties :
Erik Gudbranson (DET) for Charging (Minor) at 8:28, Cody Franson (BOS) for Hooking (Minor) at 11:01, Michael Vernace (DET) for Hooking (Minor) at 12:45

2nd period

5. Red Wings , Michael Vernace 2 (Justin Abdelkader 12, Ales Hemsky 18) at 5:05 (PP)
6. Bruins , Alex Goligoski 4 (Phil Kessel 16) at 15:38 (PP)

Penalties :
Michael Vernace (DET) for Roughing (Minor) at 2:23, Scott Gomez (BOS) for Hooking (Minor) at 3:22, Brooks Orpik (DET) for Tripping (Minor) at 6:14, Michael Vernace (DET) for Elbowing (Minor) at 14:48

3rd period

No Goal

Penalties :
Travis Moen (BOS) for Hooking (Minor) at 4:50, Brooks Orpik (DET) for Holding (Minor) at 12:21, Maxime Talbot (DET) for Tripping (Minor) at 17:20

Overtime #1

7. Red Wings , Dalton Prout 3 (Oleg Saprykin 1, Jordan Martinook 1) at 3:49

Penalties :
No Penalty

Goalie Stats

Sebastien Centomo (DET), 51 saves from 54 shots - (0,944), W, 9-10-1, 63:50 minutes
Dany Sabourin (BOS), 40 saves from 44 shots - (0,909), OTL, 1-0-1, 63:50 minutes

Players Stats for Red Wings

Player Name              G  A  P  +/- PIM S  H  SB GA TA FO     MP     PP MP  PK MP  
------------------------------------------------------------------------------------
Ales Hemsky              0  1  1   0  0   3  0  0  0  0  1/1    21:43   2:17   0:00 
Brooks Orpik             1  0  1  -1  4   2  2  1  0  0  0/0    22:19   1:15   4:33 
Cody Hodgson             0  0  0   0  0   4  0  0  0  0  17/28  21:52   2:17   0:00 
Colin Greening           0  0  0   0  0   1  0  0  0  0  1/1     8:27   0:00   0:00 
Dalton Prout             1  0  1   1  0   2  0  5  0  0  0/0    22:58   0:00   7:04 
David Backes             0  0  0   0  0   4  2  0  0  0  22/36  22:15   1:07   1:51 
Devin Setoguchi          0  0  0   0  0   2  2  0  0  0  0/0     8:01   0:00   0:00 
Erik Gudbranson          0  1  1   0  2   1  6  2  0  0  0/0    21:38   1:07   5:33 
Jordan Martinook         0  1  1   1  0   0  0  0  0  0  1/2     2:15   0:00   0:40 
Justin Abdelkader        0  1  1   0  0   7  2  0  0  0  0/1    12:44   2:17   0:00 
Kris Versteeg            0  1  1   0  0   3  0  1  0  0  0/4    19:01   1:07   0:00 
Matt Moulson             1  1  2   0  0   3  6  0  0  0  1/2    20:59   1:07   3:24 
Maxime Talbot            0  0  0   0  2   3  2  0  0  0  10/27  15:37   0:00   5:52 
Michael Vernace          1  0  1   0  6   3  5  1  0  0  0/0    17:02   2:17   0:25 
Nick Leddy               0  0  0   1  0   2  2  0  0  0  0/0    22:34   2:09   4:04 
Oleg Saprykin            0  1  1   1  0   2  2  0  0  0  0/0    13:44   0:00   1:57 
Ryan Garbutt             0  0  0   0  0   1  0  0  0  0  2/6     8:46   0:00   8:46 
Zbynek Michalek          0  0  0   0  0   1  0  1  0  0  0/0    17:13   0:00   0:51 

Players Stats for Bruins

Player Name              G  A  P  +/- PIM S  H  SB GA TA FO     MP     PP MP  PK MP  
------------------------------------------------------------------------------------
Alex Goligoski           2  0  2  -1  0   8  0  1  0  0  0/0    18:03   3:48   1:59 
Brad Marchand            0  1  1  -1  0   7  2  0  0  0  2/8    23:48   3:25   1:54 
Brent Burns              0  1  1   0  0   4  0  2  0  0  0/0    28:03   6:23   1:25 
Charlie Coyle            0  0  0   0  0   1  0  0  0  0  5/7     5:12   0:00   0:00 
Cody Franson             0  0  0   0  2   0  3  3  0  0  0/0    15:17   0:00   0:06 
Dale Weise               0  0  0   0  0   0  0  0  0  0  1/1     6:49   0:00   0:00 
Dion Phaneuf             0  0  0   0  0   5  3  1  0  0  0/0    26:24   7:27   1:11 
Dmitri Kalinin           0  0  0  -1  0   0  1  1  0  0  0/0    13:41   0:00   0:43 
Filip Forsberg           0  0  0   0  0   2  0  0  0  0  4/14   11:53   4:29   0:35 
Jeff Tambellini          0  0  0   0  0   0  0  0  0  0  0/0     7:00   1:04   0:44 
Kyle Turris              0  0  0   0  0   2  1  0  0  0  25/37  23:15   6:46   0:00 
Phil Kessel              1  2  3   0  0   7  0  1  0  0  0/3    22:22   3:25   1:40 
Rickard Rakell           0  0  0   0  0   1  1  0  0  0  0/1     6:25   0:00   1:13 
Ryan McDonagh            0  0  0   0  0   2  2  3  0  0  0/0    24:49   4:52   1:30 
Ryan O'Marra             0  0  0  -1  0   0  1  0  0  0  11/26  16:39   0:00   0:06 
Scott Gomez              0  0  0   0  2   8  0  0  0  0  3/4    24:22   6:45   0:30 
Travis Moen              0  0  0   0  2   0  2  0  0  0  1/2     7:52   1:04   0:00 
Tyler Seguin             0  0  0   0  0   7  3  1  0  0  1/5    25:09   6:46   0:00 

3 Stars

1 - Sebastien Centomo (DET)
2 - Matt Moulson (DET)
3 - Phil Kessel (BOS)

Power Play

Red Wings - 2 on 3 Attempt(s) - 66,67%
Bruins - 2 on 7 Attempt(s) - 28,57%

Penalty Kill

Red Wings - 5 on 7 Attempt(s) - 71,43% - Score 0 goal in Penalty Kill
Bruins - 1 on 3 Attempt(s) - 33,33% - Score 1 goal in Penalty Kill

Team Stat

Red Wings - Hits : 31 - Faceoff Wins : 55 - Blocked Shots : 11 - Penalty Minutes : 14
Bruins - Hits : 19 - Faceoff Wins : 53 - Blocked Shots : 13 - Penalty Minutes : 6

Official

Referees : Olivier Gouin and Jacob Brenk
Linesman : Brian MacDonald and Chris Millea

Game Notes

No Game Note

Finance

Level 1 -- Attendance: 3600 (60,00%) -- Ticket Income 720 000 $
Level 2 -- Attendance: 3000 (60,00%) -- Ticket Income 375 000 $
Level 3 -- Attendance: 1200 (60,00%) -- Ticket Income 108 000 $
Level 4 -- Attendance: 2400 (60,00%) -- Ticket Income 144 000 $
Luxury Box -- Attendance: 1000 (100,00%) -- Ticket Income 350 000 $
Game was played at the TD Banknorth Garden.
Total Attendance: 11200 (62,22%)
Total Ticket Income: 1 697 000 $
Other Income: 831 530 $
Total Income: 2 528 530 $

Red Wings

5 vs 5 Forward 
   Center                   Left Wing                Right Wing               Time % Phy DF OF 
 1 David Backes             Matt Moulson             Kris Versteeg            34     0   1  4  
 2 Cody Hodgson             Justin Abdelkader        Ales Hemsky              32     0   1  4  
 3 Maxime Talbot            Ales Hemsky              Oleg Saprykin            30     0   1  4  
 4 Cody Hodgson             Colin Greening           Devin Setoguchi          4      0   2  3  

5 vs 5 Defense 
   Defense                  Defense                                           Time % Phy DF OF 
 1 Erik Gudbranson          Nick Leddy                                        34     1   1  3  
 2 Zbynek Michalek          Brooks Orpik                                      33     1   1  3  
 3 Michael Vernace          Dalton Prout                                      27     1   2  2  
 4 Dalton Prout             Michael Vernace                                   6      0   2  3  

PowerPlay Forward 
   Center                   Left Wing                Right Wing               Time % Phy DF OF 
 1 Cody Hodgson             Justin Abdelkader        Ales Hemsky              57     0   0  5  
 2 David Backes             Matt Moulson             Kris Versteeg            43     0   0  5  

PowerPlay Defense
   Defense                  Defense                                           Time % Phy DF OF 
 1 Michael Vernace          Nick Leddy                                        57     0   1  4  
 2 Brooks Orpik             Erik Gudbranson                                   43     0   1  4  

Penalty Kill 4 Players Forward 
   Center                   Wing                     Time % Phy DF OF 
 1 Maxime Talbot            Ryan Garbutt             55     0   4  1  
 2 Ryan Garbutt             Matt Moulson             45     0   4  1  

Penalty Kill 4 Players Defense
   Defense                  Defense                  Time % Phy DF OF 
 1 Dalton Prout             Brooks Orpik             55     1   4  0  
 2 Erik Gudbranson          Nick Leddy               45     1   4  0  

Penalty Kill - 3 Players Forward 
   Forward                                           Time % Phy DF OF 
 1 Maxime Talbot                                     60     0   5  0  
 2 Ryan Garbutt                                      40     0   5  0  

Penalty Kill - 3 Players Defense
   Defense                  Defense                  Time % Phy DF OF 
 1 Brooks Orpik             Erik Gudbranson          60     0   5  0  
 2 Brooks Orpik             Dalton Prout             40     0   5  0  

4 vs 4 Forward 
   Center                   Wing                     Time % Phy DF OF 
 1 David Backes             Kris Versteeg            56     0   2  3  
 2 Cody Hodgson             Justin Abdelkader        44     0   2  3  

4 vs 4 Defense
   Defense                  Defense                  Time % Phy DF OF 
 1 Brooks Orpik             Dalton Prout             56     0   2  3  
 2 Erik Gudbranson          Nick Leddy               44     0   2  3  

Last Minutes Offensive
   Center                   Left Wing                Right Wing               Defense                  Defense                  
   David Backes             Kris Versteeg            Devin Setoguchi          Erik Gudbranson          Nick Leddy               

Last Minutes Defensive
   Center                   Left Wing                Right Wing               Defense                  Defense                  
   Cody Hodgson             Kris Versteeg            Maxime Talbot            Zbynek Michalek          Brooks Orpik             

Goaltenders
Starting : Sebastien Centomo        
Backup : Brian Elliott            

Extra Forwards
Normal : Kris Versteeg, Maxime Talbot, Colin Greening - PP : Kris Versteeg, Justin Abdelkader - PK : Maxime Talbot
Extra Defensemen
Normal : Dalton Prout, Erik Gudbranson, Brooks Orpik - PP : Erik Gudbranson - PK : Erik Gudbranson, Dalton Prout
Penalty Shots
Cody Hodgson, Ales Hemsky, Kris Versteeg, Matt Moulson, David Backes
Custom OT Lines Forwards
David Backes, Oleg Saprykin, Cody Hodgson, Jordan Martinook, Kris Versteeg, Justin Abdelkader, Matt Moulson, Ryan Garbutt, Ales Hemsky, Maxime Talbot
Custom OT Lines Defensemen
Nick Leddy, Dalton Prout, Michael Vernace, Erik Gudbranson, Brooks Orpik

Scratches
Brendan Gallagher (Dislocated Patella Injury), Marek Zagrapan (Broken Bone (Left Ankle) Injury), Jeff Glass (Healthy)

Bruins

5 vs 5 Forward 
   Center                   Left Wing                Right Wing               Time % Phy DF OF 
 1 Kyle Turris              Scott Gomez              Tyler Seguin             37     1   2  2  
 2 Ryan O'Marra             Brad Marchand            Phil Kessel              36     1   2  2  
 3 Filip Forsberg           Travis Moen              Dale Weise               17     1   2  2  
 4 Charlie Coyle            Jeff Tambellini          Rickard Rakell           10     1   2  2  

5 vs 5 Defense 
   Defense                  Defense                                           Time % Phy DF OF 
 1 Brent Burns              Ryan McDonagh                                     40     1   2  2  
 2 Dion Phaneuf             Cody Franson                                      30     1   2  2  
 3 Dmitri Kalinin           Alex Goligoski                                    20     1   2  2  
 4 Brent Burns              Ryan McDonagh                                     10     1   2  2  

PowerPlay Forward 
   Center                   Left Wing                Right Wing               Time % Phy DF OF 
 1 Kyle Turris              Scott Gomez              Tyler Seguin             60     1   2  2  
 2 Filip Forsberg           Brad Marchand            Phil Kessel              40     1   2  2  

PowerPlay Defense
   Defense                  Defense                                           Time % Phy DF OF 
 1 Brent Burns              Dion Phaneuf                                      60     1   2  2  
 2 Ryan McDonagh            Alex Goligoski                                    40     1   2  2  

Penalty Kill 4 Players Forward 
   Center                   Wing                     Time % Phy DF OF 
 1 Brad Marchand            Phil Kessel              60     1   2  2  
 2 Scott Gomez              Filip Forsberg           40     1   2  2  

Penalty Kill 4 Players Defense
   Defense                  Defense                  Time % Phy DF OF 
 1 Brent Burns              Dion Phaneuf             60     1   2  2  
 2 Ryan McDonagh            Alex Goligoski           40     1   2  2  

Penalty Kill - 3 Players Forward 
   Forward                                           Time % Phy DF OF 
 1 Brad Marchand                                     60     1   2  2  
 2 Scott Gomez                                       40     1   2  2  

Penalty Kill - 3 Players Defense
   Defense                  Defense                  Time % Phy DF OF 
 1 Brent Burns              Alex Goligoski           60     1   2  2  
 2 Ryan McDonagh            Dion Phaneuf             40     1   2  2  

4 vs 4 Forward 
   Center                   Wing                     Time % Phy DF OF 
 1 Phil Kessel              Tyler Seguin             60     1   2  2  
 2 Scott Gomez              Brad Marchand            40     1   2  2  

4 vs 4 Defense
   Defense                  Defense                  Time % Phy DF OF 
 1 Dion Phaneuf             Alex Goligoski           60     1   2  2  
 2 Ryan McDonagh            Brent Burns              40     1   2  2  

Last Minutes Offensive
   Center                   Left Wing                Right Wing               Defense                  Defense                  
   Kyle Turris              Phil Kessel              Scott Gomez              Brent Burns              Alex Goligoski           

Last Minutes Defensive
   Center                   Left Wing                Right Wing               Defense                  Defense                  
   Kyle Turris              Scott Gomez              Brad Marchand            Ryan McDonagh            Dion Phaneuf             

Goaltenders
Starting : Dany Sabourin            
Backup : Marc Cheverie            

Extra Forwards
Normal : Brent Burns, Scott Gomez, Brad Marchand - PP : Brent Burns, Scott Gomez - PK : Brad Marchand
Extra Defensemen
Normal : Ryan McDonagh, Brent Burns, Alex Goligoski - PP : Ryan McDonagh - PK : Ryan McDonagh, Brent Burns
Penalty Shots
Brent Burns, Tyler Seguin, Phil Kessel, Scott Gomez, Brad Marchand
Custom OT Lines Forwards
Brent Burns, Tyler Seguin, Scott Gomez, Brad Marchand, Kyle Turris, Filip Forsberg, Phil Kessel, Jeff Tambellini, Dale Weise, Travis Moen
Custom OT Lines Defensemen
Dmitri Kalinin, Dion Phaneuf, Ryan McDonagh, Brent Burns, Alex Goligoski

Scratches
John Tavares (Healthy), Tommy Cross (Healthy), Tuukka Rask (Healthy)

% Time on Ice - Red Wings

Lines # - Real PCT - Wanted PCT - Time Play
Normal Forward
1 - 37% - 34% - 16:28
2 - 23% - 32% - 10:19
3 - 22% - 30% - 9:33
4 - 18% - 4% - 8:01
Normal Defense
1 - 32% - 34% - 14:10
2 - 37% - 33% - 16:22
3 - 29% - 27% - 12:42
4 - 3% - 6% - 1:07
PP Forward
1 - 67% - 57% - 2:17
2 - 33% - 43% - 1:07
PP Defense
1 - 67% - 57% - 2:17
2 - 33% - 43% - 1:07
PK Forward
1 - 70% - 55% - 7:51
2 - 30% - 45% - 3:24
PK Defense
1 - 64% - 55% - 7:11
2 - 36% - 45% - 4:04
PK3 Forward
1 - 0% - 60%
2 - 0% - 40%
PK3 Defense
1 - 0% - 60%
2 - 0% - 40%
44 Forward
1 - 87% - 56% - 0:52
2 - 13% - 44% - 0:08
44 Defense
1 - 50% - 56% - 0:30
2 - 50% - 44% - 0:30
Last Minute Offensive  - 0:00
Last Minute Defensive  - 0:00
Total
Forward - 60:00
Defense - 60:00

% Time on Ice - Bruins

Lines # - Real PCT - Wanted PCT - Time Play
Normal Forward
1 - 36% - 37% - 15:55
2 - 37% - 36% - 16:25
3 - 15% - 17% - 6:49
4 - 12% - 10% - 5:12
Normal Defense
1 - 37% - 40% - 16:13
2 - 34% - 30% - 15:12
3 - 27% - 20% - 11:46
4 - 3% - 10% - 1:10
PP Forward
1 - 60% - 60% - 6:46
2 - 40% - 40% - 4:29
PP Defense
1 - 57% - 60% - 6:23
2 - 43% - 40% - 4:52
PK Forward
1 - 83% - 60% - 2:49
2 - 17% - 40% - 0:35
PK Defense
1 - 42% - 60% - 1:25
2 - 58% - 40% - 1:59
PK3 Forward
1 - 0% - 60%
2 - 0% - 40%
PK3 Defense
1 - 0% - 60%
2 - 0% - 40%
44 Forward
1 - 87% - 60% - 0:52
2 - 13% - 40% - 0:08
44 Defense
1 - 50% - 60% - 0:30
2 - 50% - 40% - 0:30
Last Minute Offensive  - 0:00
Last Minute Defensive  - 0:00
Total
Forward - 60:00
Defense - 60:00

Play by Play

1st period


0:01 of 1st period - Kyle Turris wins face-off versus Kris Versteeg in neutral zone.
0:01 of 1st period - Ryan McDonagh is hit by Matt Moulson and loses puck.
0:10 of 1st period - Shot by Scott Gomez.
0:10 of 1st period - Stopped by Sebastien Centomo without a rebound.
0:11 of 1st period - Cody Hodgson wins face-off versus Ryan O'Marra in Red Wings zone.
0:33 of 1st period - Shot by Brad Marchand.
0:33 of 1st period - Stopped by Sebastien Centomo with a rebound.
0:35 of 1st period - Shot by Phil Kessel.
0:35 of 1st period - Shot Blocked by Brooks Orpik.
0:45 of 1st period - Shot by Brad Marchand.
0:45 of 1st period - Shot Misses the Net.
0:51 of 1st period - Shot by Brad Marchand.
0:51 of 1st period - Stopped by Sebastien Centomo with a rebound.
0:53 of 1st period - Shot by Phil Kessel.
0:53 of 1st period - Shot Misses the Net.
1:20 of 1st period - Shot by Scott Gomez.
1:20 of 1st period - Stopped by Sebastien Centomo without a rebound.
1:21 of 1st period - Dale Weise wins face-off versus David Backes in Red Wings zone.
1:41 of 1st period - Shot by Filip Forsberg.
1:41 of 1st period - Shot Misses the Net.
4:12 of 1st period - Shot by Matt Moulson.
4:12 of 1st period - Goal by Matt Moulson - Red Wings : 1 - Bruins : 0.
4:13 of 1st period - David Backes wins face-off versus Filip Forsberg in neutral zone.
4:20 of 1st period - Shot by Matt Moulson.
4:20 of 1st period - Stopped by Dany Sabourin without a rebound.
4:21 of 1st period - Ryan O'Marra wins face-off versus David Backes in Bruins zone.
4:29 of 1st period - Brad Marchand is hit by Nick Leddy and loses puck.
4:35 of 1st period - Erik Gudbranson is hit by Brad Marchand.
4:36 of 1st period - Off-side.
4:37 of 1st period - Ales Hemsky wins face-off versus Kyle Turris in neutral zone.
4:50 of 1st period - Shot by Maxime Talbot.
4:50 of 1st period - Stopped by Dany Sabourin with a rebound.
4:52 of 1st period - Shot by Ales Hemsky.
4:52 of 1st period - Stopped by Dany Sabourin with a rebound.
4:54 of 1st period - Shot by Ales Hemsky.
4:54 of 1st period - Shot Blocked by Dmitri Kalinin.
4:56 of 1st period - Shot by Michael Vernace.
4:56 of 1st period - Shot Misses the Net.
5:14 of 1st period - Shot by Ales Hemsky.
5:14 of 1st period - Shot Hit the Post.
5:16 of 1st period - Shot by Dalton Prout.
5:16 of 1st period - Stopped by Dany Sabourin without a rebound.
5:17 of 1st period - David Backes wins face-off versus Ryan O'Marra in Bruins zone.
5:18 of 1st period - Shot by Matt Moulson.
5:18 of 1st period - Stopped by Dany Sabourin without a rebound.
5:19 of 1st period - David Backes wins face-off versus Ryan O'Marra in Bruins zone.
5:44 of 1st period - Shot by Brad Marchand.
5:44 of 1st period - Stopped by Sebastien Centomo without a rebound.
5:45 of 1st period - Kyle Turris wins face-off versus Cody Hodgson in Red Wings zone.
6:46 of 1st period - Phil Kessel is hit by Justin Abdelkader and loses puck.
7:01 of 1st period - Shot by Matt Moulson.
7:01 of 1st period - Shot Misses the Net.
7:03 of 1st period - Shot by Kris Versteeg.
7:03 of 1st period - Shot Misses the Net.
7:05 of 1st period - Shot by Matt Moulson.
7:05 of 1st period - Shot Misses the Net.
8:05 of 1st period - Shot by Alex Goligoski.
8:05 of 1st period - Stopped by Sebastien Centomo without a rebound.
8:06 of 1st period - Charlie Coyle wins face-off versus Cody Hodgson in Red Wings zone.
8:11 of 1st period - Shot by Rickard Rakell.
8:11 of 1st period - Stopped by Sebastien Centomo without a rebound.
8:12 of 1st period - Maxime Talbot wins face-off versus Kyle Turris in Red Wings zone.
8:12 of 1st period - Zbynek Michalek is hit by Cody Franson and loses puck.
8:17 of 1st period - Shot by Scott Gomez.
8:17 of 1st period - Stopped by Sebastien Centomo without a rebound.
8:18 of 1st period - Kyle Turris wins face-off versus David Backes in Red Wings zone.
8:18 of 1st period - Scott Gomez is hit by Erik Gudbranson and loses puck.
8:21 of 1st period - Shot by Kyle Turris.
8:21 of 1st period - Deflect By Tyler Seguin.
8:21 of 1st period - Shot Misses the Net.
8:28 of 1st period - Minor Penalty to Erik Gudbranson for Charging.
8:29 of 1st period - Kyle Turris wins face-off versus Maxime Talbot in Red Wings zone.
8:47 of 1st period - Icing by Brent Burns.
8:48 of 1st period - Maxime Talbot wins face-off versus Kyle Turris in Bruins zone.
9:07 of 1st period - Ryan Garbutt is hit by Tyler Seguin and loses puck.
9:22 of 1st period - Shot by Dion Phaneuf.
9:22 of 1st period - Stopped by Sebastien Centomo without a rebound.
9:23 of 1st period - Maxime Talbot wins face-off versus Filip Forsberg in Red Wings zone.
9:54 of 1st period - Shot by Phil Kessel.
9:54 of 1st period - Deflect By Brad Marchand.
9:54 of 1st period - Shot Misses the Net.
9:56 of 1st period - Shot by Alex Goligoski.
9:56 of 1st period - Shot Misses the Net.
9:58 of 1st period - Shot by Alex Goligoski.
9:58 of 1st period - Goal by Alex Goligoski - Red Wings : 1 - Bruins : 1.
9:59 of 1st period - Charlie Coyle wins face-off versus Cody Hodgson in neutral zone.
10:38 of 1st period - Icing by Cody Franson.
10:39 of 1st period - David Backes wins face-off versus Charlie Coyle in Bruins zone.
11:01 of 1st period - Minor Penalty to Cody Franson for Hooking.
11:02 of 1st period - Cody Hodgson wins face-off versus Brad Marchand in Bruins zone.
11:17 of 1st period - Shot by Justin Abdelkader.
11:17 of 1st period - Shot Misses the Net.
11:19 of 1st period - Shot by Nick Leddy.
11:19 of 1st period - Stopped by Dany Sabourin without a rebound.
11:20 of 1st period - David Backes wins face-off versus Brad Marchand in Bruins zone.
11:29 of 1st period - Shot by Phil Kessel.
11:29 of 1st period - Goal by Phil Kessel - Red Wings : 1 - Bruins : 2.
11:30 of 1st period - David Backes wins face-off versus Brad Marchand in neutral zone.
11:35 of 1st period - Shot by David Backes.
11:35 of 1st period - Shot Misses the Net.
11:37 of 1st period - Shot by Brooks Orpik.
11:37 of 1st period - Stopped by Dany Sabourin with a rebound.
11:41 of 1st period - Shot by Kris Versteeg.
11:41 of 1st period - Shot Blocked by Phil Kessel.
11:43 of 1st period - Shot by Brooks Orpik.
11:43 of 1st period - Goal by Brooks Orpik - Red Wings : 2 - Bruins : 2.
11:44 of 1st period - Kyle Turris wins face-off versus Maxime Talbot in neutral zone.
11:53 of 1st period - Shot by Brent Burns.
11:53 of 1st period - Shot Misses the Net.
11:59 of 1st period - Shot by Tyler Seguin.
11:59 of 1st period - Stopped by Sebastien Centomo without a rebound.
12:00 of 1st period - David Backes wins face-off versus Ryan O'Marra in Red Wings zone.
12:44 of 1st period - Shot by Phil Kessel.
12:44 of 1st period - Stopped by Sebastien Centomo without a rebound.
12:45 of 1st period - Kyle Turris wins face-off versus Maxime Talbot in Red Wings zone.
12:45 of 1st period - Minor Penalty to Michael Vernace for Hooking.
12:46 of 1st period - Kyle Turris wins face-off versus Maxime Talbot in Red Wings zone.
14:15 of 1st period - Shot by Alex Goligoski.
14:15 of 1st period - Stopped by Sebastien Centomo without a rebound.
14:16 of 1st period - Kyle Turris wins face-off versus Maxime Talbot in Red Wings zone.
14:16 of 1st period - Kyle Turris is hit by Brooks Orpik.
14:45 of 1st period - Shot by Tyler Seguin.
14:45 of 1st period - Stopped by Sebastien Centomo with a rebound.
14:57 of 1st period - Shot by Justin Abdelkader.
14:57 of 1st period - Stopped by Dany Sabourin with a rebound.
14:59 of 1st period - Shot by Zbynek Michalek.
14:59 of 1st period - Shot Blocked by Alex Goligoski.
15:01 of 1st period - Shot by Justin Abdelkader.
15:01 of 1st period - Stopped by Dany Sabourin with a rebound.
15:03 of 1st period - Shot by Ales Hemsky.
15:03 of 1st period - Stopped by Dany Sabourin without a rebound.
15:04 of 1st period - David Backes wins face-off versus Filip Forsberg in Bruins zone.
15:11 of 1st period - Shot by Kris Versteeg.
15:11 of 1st period - Shot Misses the Net.
15:28 of 1st period - Ryan McDonagh is hit by David Backes.
15:45 of 1st period - Icing by Ryan McDonagh.
15:46 of 1st period - Travis Moen wins face-off versus Cody Hodgson in Bruins zone.
15:46 of 1st period - Travis Moen is hit by Justin Abdelkader.
16:28 of 1st period - Ales Hemsky is hit by Cody Franson and loses puck.
17:10 of 1st period - Shot by Alex Goligoski.
17:10 of 1st period - Stopped by Sebastien Centomo without a rebound.
17:11 of 1st period - Charlie Coyle wins face-off versus David Backes in Red Wings zone.
17:12 of 1st period - Shot by Alex Goligoski.
17:12 of 1st period - Stopped by Sebastien Centomo without a rebound.
17:13 of 1st period - Ryan O'Marra wins face-off versus David Backes in Red Wings zone.
17:13 of 1st period - Phil Kessel is hit by Erik Gudbranson and loses puck.
18:15 of 1st period - Icing by Dmitri Kalinin.
18:16 of 1st period - Ryan O'Marra wins face-off versus Maxime Talbot in Bruins zone.
18:29 of 1st period - Scott Gomez is hit by Oleg Saprykin and loses puck.
18:36 of 1st period - Dalton Prout is hit by Tyler Seguin and loses puck.
18:41 of 1st period - Shot by Tyler Seguin.
18:41 of 1st period - Stopped by Sebastien Centomo with a rebound.
18:49 of 1st period - Shot by Scott Gomez.
18:49 of 1st period - Shot Misses the Net.
18:53 of 1st period - Shot by Scott Gomez.
18:53 of 1st period - Shot Misses the Net.
18:55 of 1st period - Shot by Scott Gomez.
18:55 of 1st period - Stopped by Sebastien Centomo without a rebound.
18:56 of 1st period - David Backes wins face-off versus Filip Forsberg in Red Wings zone.
19:03 of 1st period - Shot by Kris Versteeg.
19:03 of 1st period - Shot Misses the Net.
19:11 of 1st period - Shot by Filip Forsberg.
19:11 of 1st period - Shot Blocked by Zbynek Michalek.
19:17 of 1st period - Shot by Kris Versteeg.
19:17 of 1st period - Shot Misses the Net.
19:22 of 1st period - Icing by Cody Franson.
19:23 of 1st period - Cody Hodgson wins face-off versus Filip Forsberg in Bruins zone.
19:24 of 1st period - Shot by Devin Setoguchi.
19:24 of 1st period - Stopped by Dany Sabourin without a rebound.
19:25 of 1st period - Cody Hodgson wins face-off versus Tyler Seguin in Bruins zone.
19:45 of 1st period - Icing by Erik Gudbranson.
19:46 of 1st period - Ryan O'Marra wins face-off versus Cody Hodgson in Red Wings zone.
19:53 of 1st period - Shot by Phil Kessel.
19:53 of 1st period - Stopped by Sebastien Centomo without a rebound.
19:54 of 1st period - Kyle Turris wins face-off versus Maxime Talbot in Red Wings zone.
19:58 of 1st period - Icing by Dalton Prout.
19:59 of 1st period - Maxime Talbot wins face-off versus Ryan O'Marra in Red Wings zone.
Goals for this period are 2 for Red Wings vs 2 for Bruins.
Shots for this period are 13 for Red Wings vs 20 for Bruins.

2nd period


0:01 of 2nd period - Kyle Turris wins face-off versus Maxime Talbot in neutral zone.
0:21 of 2nd period - Kyle Turris is hit by Erik Gudbranson and loses puck.
0:38 of 2nd period - Shot by Tyler Seguin.
0:38 of 2nd period - Shot Misses the Net.
0:40 of 2nd period - Shot by Ryan McDonagh.
0:40 of 2nd period - Shot Blocked by Erik Gudbranson.
0:42 of 2nd period - Shot by Kyle Turris.
0:42 of 2nd period - Stopped by Sebastien Centomo with a rebound.
0:44 of 2nd period - Shot by Ryan McDonagh.
0:44 of 2nd period - Shot Misses the Net.
0:58 of 2nd period - Shot by Brad Marchand.
0:58 of 2nd period - Shot Misses the Net.
1:00 of 2nd period - Shot by Dion Phaneuf.
1:00 of 2nd period - Shot Misses the Net.
1:33 of 2nd period - Brad Marchand is hit by Erik Gudbranson.
1:44 of 2nd period - Ales Hemsky is hit by Dmitri Kalinin and loses puck.
2:07 of 2nd period - Filip Forsberg is hit by Oleg Saprykin and loses puck.
2:23 of 2nd period - Minor Penalty to Michael Vernace for Roughing.
2:24 of 2nd period - Kyle Turris wins face-off versus Ryan Garbutt in Red Wings zone.
2:25 of 2nd period - Shot by Dion Phaneuf.
2:25 of 2nd period - Shot Misses the Net.
2:27 of 2nd period - Shot by Tyler Seguin.
2:27 of 2nd period - Shot Misses the Net.
2:29 of 2nd period - Shot by Dion Phaneuf.
2:29 of 2nd period - Stopped by Sebastien Centomo without a rebound.
2:30 of 2nd period - Kyle Turris wins face-off versus Ryan Garbutt in Red Wings zone.
2:33 of 2nd period - Shot by Brent Burns.
2:33 of 2nd period - Stopped by Sebastien Centomo without a rebound.
2:34 of 2nd period - Ryan Garbutt wins face-off versus Kyle Turris in Red Wings zone.
2:45 of 2nd period - Shot by Ryan Garbutt.
2:45 of 2nd period - Stopped by Dany Sabourin without a rebound.
2:46 of 2nd period - Filip Forsberg wins face-off versus Ryan Garbutt in Bruins zone.
2:46 of 2nd period - Filip Forsberg is hit by Matt Moulson.
3:03 of 2nd period - Shot by Brent Burns.
3:03 of 2nd period - Stopped by Sebastien Centomo without a rebound.
3:04 of 2nd period - Kyle Turris wins face-off versus Matt Moulson in Red Wings zone.
3:07 of 2nd period - Shot by Scott Gomez.
3:07 of 2nd period - Shot Misses the Net.
3:22 of 2nd period - Minor Penalty to Scott Gomez for Hooking.
3:23 of 2nd period - David Backes wins face-off versus Phil Kessel in Bruins zone.
3:38 of 2nd period - Shot by Tyler Seguin.
3:38 of 2nd period - Stopped by Sebastien Centomo with a rebound.
3:40 of 2nd period - Shot by Dion Phaneuf.
3:40 of 2nd period - Shot Misses the Net.
3:44 of 2nd period - Shot by Tyler Seguin.
3:44 of 2nd period - Stopped by Sebastien Centomo without a rebound.
3:45 of 2nd period - David Backes wins face-off versus Phil Kessel in Red Wings zone.
4:14 of 2nd period - Shot by Erik Gudbranson.
4:14 of 2nd period - Stopped by Dany Sabourin without a rebound.
4:15 of 2nd period - Cody Hodgson wins face-off versus Ryan O'Marra in Bruins zone.
4:26 of 2nd period - Shot by Ales Hemsky.
4:26 of 2nd period - Shot Misses the Net.
4:28 of 2nd period - Shot by Brooks Orpik.
4:28 of 2nd period - Shot Misses the Net.
4:30 of 2nd period - Shot by Ales Hemsky.
4:30 of 2nd period - Stopped by Dany Sabourin without a rebound.
4:31 of 2nd period - Cody Hodgson wins face-off versus Brad Marchand in Bruins zone.
4:38 of 2nd period - Shot by Michael Vernace.
4:38 of 2nd period - Deflect By Justin Abdelkader.
4:38 of 2nd period - Stopped by Dany Sabourin with a rebound.
4:45 of 2nd period - Icing by Justin Abdelkader.
4:46 of 2nd period - Cody Hodgson wins face-off versus Brad Marchand in Red Wings zone.
4:59 of 2nd period - Shot by Nick Leddy.
4:59 of 2nd period - Shot Blocked by Dion Phaneuf.
5:03 of 2nd period - Shot by Justin Abdelkader.
5:03 of 2nd period - Shot Misses the Net.
5:05 of 2nd period - Shot by Michael Vernace.
5:05 of 2nd period - Goal by Michael Vernace - Red Wings : 3 - Bruins : 2.
5:06 of 2nd period - Kyle Turris wins face-off versus David Backes in neutral zone.
5:19 of 2nd period - Shot by Tyler Seguin.
5:19 of 2nd period - Shot Hit the Post.
5:21 of 2nd period - Shot by Alex Goligoski.
5:21 of 2nd period - Stopped by Sebastien Centomo without a rebound.
5:22 of 2nd period - Maxime Talbot wins face-off versus Filip Forsberg in Red Wings zone.
5:22 of 2nd period - Maxime Talbot is hit by Travis Moen.
5:31 of 2nd period - Off-side.
5:32 of 2nd period - Kyle Turris wins face-off versus David Backes in neutral zone.
5:35 of 2nd period - Shot by Brent Burns.
5:35 of 2nd period - Shot Misses the Net.
5:39 of 2nd period - Shot by Brent Burns.
5:39 of 2nd period - Stopped by Sebastien Centomo without a rebound.
5:40 of 2nd period - Kyle Turris wins face-off versus Cody Hodgson in Red Wings zone.
5:53 of 2nd period - Shot by Ales Hemsky.
5:53 of 2nd period - Shot Blocked by Brent Burns.
6:09 of 2nd period - Shot by Justin Abdelkader.
6:09 of 2nd period - Stopped by Dany Sabourin without a rebound.
6:10 of 2nd period - Ryan O'Marra wins face-off versus David Backes in Bruins zone.
6:14 of 2nd period - Minor Penalty to Brooks Orpik for Tripping.
6:15 of 2nd period - Ryan Garbutt wins face-off versus Filip Forsberg in Red Wings zone.
6:53 of 2nd period - Shot by Ryan Garbutt.
6:53 of 2nd period - Shot Blocked by Brent Burns.
7:17 of 2nd period - Icing by Scott Gomez.
7:18 of 2nd period - Scott Gomez wins face-off versus Maxime Talbot in Bruins zone.
7:37 of 2nd period - Kyle Turris is hit by Nick Leddy and loses puck.
7:40 of 2nd period - Shot by Ryan McDonagh.
7:40 of 2nd period - Stopped by Sebastien Centomo without a rebound.
7:41 of 2nd period - Matt Moulson wins face-off versus Kyle Turris in Red Wings zone.
9:54 of 2nd period - Shot by Dale Weise.
9:54 of 2nd period - Shot Misses the Net.
9:56 of 2nd period - Shot by Dale Weise.
9:56 of 2nd period - Deflect By Filip Forsberg.
9:56 of 2nd period - Stopped by Sebastien Centomo without a rebound.
9:57 of 2nd period - David Backes wins face-off versus Kyle Turris in Red Wings zone.
10:36 of 2nd period - Shot by Matt Moulson.
10:36 of 2nd period - Shot Misses the Net.
10:53 of 2nd period - Off-side.
10:54 of 2nd period - Colin Greening wins face-off versus Ryan O'Marra in neutral zone.
11:06 of 2nd period - Icing by Brad Marchand.
11:07 of 2nd period - Cody Hodgson wins face-off versus Ryan O'Marra in Bruins zone.
11:20 of 2nd period - Shot by Colin Greening.
11:20 of 2nd period - Stopped by Dany Sabourin without a rebound.
11:21 of 2nd period - Filip Forsberg wins face-off versus Maxime Talbot in Bruins zone.
11:21 of 2nd period - Filip Forsberg is hit by Maxime Talbot.
11:39 of 2nd period - Shot by Maxime Talbot.
11:39 of 2nd period - Shot Blocked by Ryan McDonagh.
11:41 of 2nd period - Shot by Oleg Saprykin.
11:41 of 2nd period - Stopped by Dany Sabourin without a rebound.
11:42 of 2nd period - David Backes wins face-off versus Ryan O'Marra in Bruins zone.
11:43 of 2nd period - Shot by Matt Moulson.
11:43 of 2nd period - Shot Misses the Net.
11:45 of 2nd period - Shot by Michael Vernace.
11:45 of 2nd period - Stopped by Dany Sabourin without a rebound.
11:46 of 2nd period - David Backes wins face-off versus Ryan O'Marra in Bruins zone.
11:46 of 2nd period - David Backes is hit by Ryan McDonagh.
11:56 of 2nd period - Shot by Matt Moulson.
11:56 of 2nd period - Shot Misses the Net.
12:26 of 2nd period - Shot by David Backes.
12:26 of 2nd period - Stopped by Dany Sabourin with a rebound.
12:28 of 2nd period - Shot by David Backes.
12:28 of 2nd period - Shot Misses the Net.
13:21 of 2nd period - Shot by Ales Hemsky.
13:21 of 2nd period - Shot Blocked by Cody Franson.
13:31 of 2nd period - Shot by Ales Hemsky.
13:31 of 2nd period - Deflect By Maxime Talbot.
13:31 of 2nd period - Stopped by Dany Sabourin without a rebound.
13:32 of 2nd period - Filip Forsberg wins face-off versus Cody Hodgson in Bruins zone.
13:32 of 2nd period - Filip Forsberg is hit by Devin Setoguchi.
14:25 of 2nd period - Alex Goligoski is hit by Michael Vernace.
14:48 of 2nd period - Minor Penalty to Michael Vernace for Elbowing.
14:49 of 2nd period - Maxime Talbot wins face-off versus Kyle Turris in Red Wings zone.
14:49 of 2nd period - Maxime Talbot is hit by Kyle Turris.
15:04 of 2nd period - Shot by Brent Burns.
15:04 of 2nd period - Shot Misses the Net.
15:38 of 2nd period - Shot by Alex Goligoski.
15:38 of 2nd period - Goal by Alex Goligoski - Red Wings : 3 - Bruins : 3.
15:39 of 2nd period - Ryan O'Marra wins face-off versus Kris Versteeg in neutral zone.
15:42 of 2nd period - David Backes is hit by Ryan O'Marra and loses puck.
16:05 of 2nd period - Shot by Brad Marchand.
16:05 of 2nd period - Stopped by Sebastien Centomo without a rebound.
16:06 of 2nd period - Charlie Coyle wins face-off versus Maxime Talbot in Red Wings zone.
16:17 of 2nd period - Off-side.
16:18 of 2nd period - Kyle Turris wins face-off versus Cody Hodgson in neutral zone.
16:49 of 2nd period - Shot by Tyler Seguin.
16:49 of 2nd period - Shot Misses the Net.
16:51 of 2nd period - Shot by Tyler Seguin.
16:51 of 2nd period - Shot Misses the Net.
16:53 of 2nd period - Shot by Kyle Turris.
16:53 of 2nd period - Stopped by Sebastien Centomo without a rebound.
16:54 of 2nd period - David Backes wins face-off versus Ryan O'Marra in Red Wings zone.
17:05 of 2nd period - Shot by David Backes.
17:05 of 2nd period - Stopped by Dany Sabourin with a rebound.
17:25 of 2nd period - Shot by Phil Kessel.
17:25 of 2nd period - Stopped by Sebastien Centomo without a rebound.
17:26 of 2nd period - Cody Hodgson wins face-off versus Travis Moen in Red Wings zone.
17:32 of 2nd period - Icing by Brooks Orpik.
17:33 of 2nd period - Cody Hodgson wins face-off versus Kyle Turris in Red Wings zone.
17:33 of 2nd period - Cody Hodgson is hit by Tyler Seguin.
17:50 of 2nd period - Icing by Brooks Orpik.
17:51 of 2nd period - Cody Hodgson wins face-off versus Ryan O'Marra in Red Wings zone.
17:51 of 2nd period - Cody Hodgson is hit by Brad Marchand.
18:07 of 2nd period - Shot by Phil Kessel.
18:07 of 2nd period - Stopped by Sebastien Centomo without a rebound.
18:08 of 2nd period - Kyle Turris wins face-off versus Maxime Talbot in Red Wings zone.
18:34 of 2nd period - Off-side.
18:35 of 2nd period - Ryan O'Marra wins face-off versus David Backes in neutral zone.
18:39 of 2nd period - Off-side.
18:40 of 2nd period - Ryan O'Marra wins face-off versus Kris Versteeg in neutral zone.
19:14 of 2nd period - Shot by Phil Kessel.
19:14 of 2nd period - Stopped by Sebastien Centomo with a rebound.
19:38 of 2nd period - Shot by Tyler Seguin.
19:38 of 2nd period - Stopped by Sebastien Centomo with a rebound.
19:40 of 2nd period - Shot by Kyle Turris.
19:40 of 2nd period - Shot Blocked by Michael Vernace.
19:42 of 2nd period - Shot by Tyler Seguin.
19:42 of 2nd period - Shot Misses the Net.
Goals for this period are 1 for Red Wings vs 1 for Bruins.
Shots for this period are 12 for Red Wings vs 17 for Bruins.

3rd period


0:01 of 3rd period - Cody Hodgson wins face-off versus Tyler Seguin in neutral zone.
0:15 of 3rd period - Shot by Justin Abdelkader.
0:15 of 3rd period - Shot Blocked by Ryan McDonagh.
0:17 of 3rd period - Shot by Nick Leddy.
0:17 of 3rd period - Shot Misses the Net.
0:19 of 3rd period - Shot by Erik Gudbranson.
0:19 of 3rd period - Shot Blocked by Ryan McDonagh.
0:21 of 3rd period - Shot by Erik Gudbranson.
0:21 of 3rd period - Shot Misses the Net.
0:23 of 3rd period - Shot by Cody Hodgson.
0:23 of 3rd period - Stopped by Dany Sabourin without a rebound.
0:24 of 3rd period - David Backes wins face-off versus Ryan O'Marra in Bruins zone.
0:28 of 3rd period - Kris Versteeg is hit by Dion Phaneuf and loses puck.
0:43 of 3rd period - Shot by Kris Versteeg.
0:43 of 3rd period - Shot Misses the Net.
0:45 of 3rd period - Shot by Matt Moulson.
0:45 of 3rd period - Shot Misses the Net.
0:52 of 3rd period - Icing by Brad Marchand.
0:53 of 3rd period - Cody Hodgson wins face-off versus Ryan O'Marra in Bruins zone.
0:54 of 3rd period - Shot by Ales Hemsky.
0:54 of 3rd period - Deflect By Cody Hodgson.
0:54 of 3rd period - Stopped by Dany Sabourin without a rebound.
0:55 of 3rd period - Kyle Turris wins face-off versus Maxime Talbot in Bruins zone.
0:55 of 3rd period - Kyle Turris is hit by Maxime Talbot.
1:31 of 3rd period - Shot by Oleg Saprykin.
1:31 of 3rd period - Shot Misses the Net.
1:33 of 3rd period - Shot by Maxime Talbot.
1:33 of 3rd period - Shot Misses the Net.
2:01 of 3rd period - Shot by David Backes.
2:01 of 3rd period - Shot Misses the Net.
2:03 of 3rd period - Shot by David Backes.
2:03 of 3rd period - Shot Misses the Net.
2:05 of 3rd period - Shot by David Backes.
2:05 of 3rd period - Shot Misses the Net.
2:17 of 3rd period - Shot by Matt Moulson.
2:17 of 3rd period - Deflect By David Backes.
2:17 of 3rd period - Shot Misses the Net.
2:57 of 3rd period - Shot by Michael Vernace.
2:57 of 3rd period - Stopped by Dany Sabourin with a rebound.
2:59 of 3rd period - Shot by Colin Greening.
2:59 of 3rd period - Shot Misses the Net.
3:01 of 3rd period - Shot by Devin Setoguchi.
3:01 of 3rd period - Shot Misses the Net.
3:03 of 3rd period - Shot by Cody Hodgson.
3:03 of 3rd period - Stopped by Dany Sabourin with a rebound.
3:05 of 3rd period - Shot by Devin Setoguchi.
3:05 of 3rd period - Stopped by Dany Sabourin without a rebound.
3:06 of 3rd period - Ryan O'Marra wins face-off versus Maxime Talbot in Bruins zone.
3:23 of 3rd period - Shot by Oleg Saprykin.
3:23 of 3rd period - Shot Misses the Net.
3:39 of 3rd period - Shot by Phil Kessel.
3:39 of 3rd period - Stopped by Sebastien Centomo with a rebound.
4:05 of 3rd period - Shot by Matt Moulson.
4:05 of 3rd period - Deflect By David Backes.
4:05 of 3rd period - Shot Misses the Net.
4:23 of 3rd period - Shot by Kris Versteeg.
4:23 of 3rd period - Shot Blocked by Cody Franson.
4:25 of 3rd period - Shot by David Backes.
4:25 of 3rd period - Stopped by Dany Sabourin with a rebound.
4:27 of 3rd period - Shot by Zbynek Michalek.
4:27 of 3rd period - Stopped by Dany Sabourin with a rebound.
4:29 of 3rd period - Shot by David Backes.
4:29 of 3rd period - Shot Hit the Post.
4:50 of 3rd period - Minor Penalty to Travis Moen for Hooking.
4:51 of 3rd period - Cody Hodgson wins face-off versus Rickard Rakell in Bruins zone.
5:19 of 3rd period - Shot by Nick Leddy.
5:19 of 3rd period - Stopped by Dany Sabourin without a rebound.
5:20 of 3rd period - Scott Gomez wins face-off versus David Backes in Bruins zone.
5:20 of 3rd period - Scott Gomez is hit by Matt Moulson.
5:57 of 3rd period - Scott Gomez is hit by Matt Moulson and loses puck.
6:28 of 3rd period - Shot by Justin Abdelkader.
6:28 of 3rd period - Stopped by Dany Sabourin without a rebound.
6:29 of 3rd period - Brad Marchand wins face-off versus Cody Hodgson in Bruins zone.
6:53 of 3rd period - Shot by Justin Abdelkader.
6:53 of 3rd period - Stopped by Dany Sabourin with a rebound.
7:15 of 3rd period - Shot by Filip Forsberg.
7:15 of 3rd period - Stopped by Sebastien Centomo without a rebound.
7:16 of 3rd period - David Backes wins face-off versus Charlie Coyle in Red Wings zone.
7:42 of 3rd period - Charlie Coyle is hit by Michael Vernace.
7:46 of 3rd period - Shot by Rickard Rakell.
7:46 of 3rd period - Shot Misses the Net.
7:48 of 3rd period - Shot by Ryan McDonagh.
7:48 of 3rd period - Shot Misses the Net.
7:50 of 3rd period - Shot by Charlie Coyle.
7:50 of 3rd period - Stopped by Sebastien Centomo without a rebound.
7:51 of 3rd period - Kyle Turris wins face-off versus Maxime Talbot in Red Wings zone.
8:32 of 3rd period - Icing by Cody Franson.
8:33 of 3rd period - Cody Hodgson wins face-off versus Kyle Turris in Bruins zone.
8:53 of 3rd period - Cody Hodgson is hit by Cody Franson and loses puck.
8:57 of 3rd period - Icing by Dion Phaneuf.
8:58 of 3rd period - Tyler Seguin wins face-off versus Kris Versteeg in Bruins zone.
8:58 of 3rd period - Kyle Turris is hit by Matt Moulson.
8:59 of 3rd period - Icing by Kyle Turris.
9:00 of 3rd period - Kyle Turris wins face-off versus David Backes in Bruins zone.
9:28 of 3rd period - Brad Marchand is hit by Michael Vernace and loses puck.
9:33 of 3rd period - Shot by Phil Kessel.
9:33 of 3rd period - Shot Blocked by Dalton Prout.
9:35 of 3rd period - Shot by Ryan McDonagh.
9:35 of 3rd period - Shot Blocked by Dalton Prout.
9:37 of 3rd period - Shot by Ryan McDonagh.
9:37 of 3rd period - Shot Blocked by Kris Versteeg.
9:39 of 3rd period - Shot by Ryan McDonagh.
9:39 of 3rd period - Shot Blocked by Dalton Prout.
9:54 of 3rd period - Brad Marchand is hit by Michael Vernace and loses puck.
10:05 of 3rd period - Shot by Filip Forsberg.
10:05 of 3rd period - Shot Misses the Net.
10:10 of 3rd period - Dale Weise is hit by Michael Vernace and loses puck.
10:23 of 3rd period - Shot by Filip Forsberg.
10:23 of 3rd period - Shot Misses the Net.
10:25 of 3rd period - Shot by Travis Moen.
10:25 of 3rd period - Shot Misses the Net.
10:27 of 3rd period - Shot by Alex Goligoski.
10:27 of 3rd period - Stopped by Sebastien Centomo without a rebound.
10:28 of 3rd period - Charlie Coyle wins face-off versus Justin Abdelkader in Red Wings zone.
10:53 of 3rd period - Shot by Ales Hemsky.
10:53 of 3rd period - Shot Misses the Net.
10:55 of 3rd period - Shot by Justin Abdelkader.
10:55 of 3rd period - Shot Blocked by Cody Franson.
10:57 of 3rd period - Shot by Erik Gudbranson.
10:57 of 3rd period - Shot Misses the Net.
10:59 of 3rd period - Shot by Justin Abdelkader.
10:59 of 3rd period - Stopped by Dany Sabourin without a rebound.
11:00 of 3rd period - Maxime Talbot wins face-off versus Tyler Seguin in Bruins zone.
11:06 of 3rd period - Ales Hemsky is hit by Ryan McDonagh and loses puck.
11:11 of 3rd period - Shot by Ales Hemsky.
11:11 of 3rd period - Shot Misses the Net.
11:13 of 3rd period - Shot by Brooks Orpik.
11:13 of 3rd period - Shot Misses the Net.
11:15 of 3rd period - Shot by Oleg Saprykin.
11:15 of 3rd period - Stopped by Dany Sabourin without a rebound.
11:16 of 3rd period - Cody Hodgson wins face-off versus Phil Kessel in Bruins zone.
11:21 of 3rd period - Shot by Cody Hodgson.
11:21 of 3rd period - Stopped by Dany Sabourin without a rebound.
11:22 of 3rd period - Ryan O'Marra wins face-off versus Cody Hodgson in Bruins zone.
11:22 of 3rd period - Ryan O'Marra is hit by Devin Setoguchi.
12:05 of 3rd period - Ryan McDonagh is hit by Brooks Orpik and loses puck.
12:21 of 3rd period - Minor Penalty to Brooks Orpik for Holding.
12:22 of 3rd period - Kyle Turris wins face-off versus Maxime Talbot in Red Wings zone.
12:25 of 3rd period - Shot by Scott Gomez.
12:25 of 3rd period - Stopped by Sebastien Centomo without a rebound.
12:26 of 3rd period - Kyle Turris wins face-off versus Maxime Talbot in Red Wings zone.
12:31 of 3rd period - Shot by Dion Phaneuf.
12:31 of 3rd period - Stopped by Sebastien Centomo without a rebound.
12:32 of 3rd period - Maxime Talbot wins face-off versus Kyle Turris in Red Wings zone.
13:07 of 3rd period - Shot by Ryan McDonagh.
13:07 of 3rd period - Stopped by Sebastien Centomo without a rebound.
13:08 of 3rd period - Maxime Talbot wins face-off versus Filip Forsberg in Red Wings zone.
13:22 of 3rd period - Ryan Garbutt is hit by Dion Phaneuf and loses puck.
13:29 of 3rd period - Shot by Maxime Talbot.
13:29 of 3rd period - Stopped by Dany Sabourin without a rebound.
13:30 of 3rd period - Kyle Turris wins face-off versus Ryan Garbutt in Bruins zone.
13:39 of 3rd period - Shot by Kyle Turris.
13:39 of 3rd period - Deflect By Tyler Seguin.
13:39 of 3rd period - Shot Misses the Net.
13:41 of 3rd period - Shot by Scott Gomez.
13:41 of 3rd period - Shot Misses the Net.
13:43 of 3rd period - Shot by Scott Gomez.
13:43 of 3rd period - Shot Misses the Net.
13:53 of 3rd period - Shot by Kyle Turris.
13:53 of 3rd period - Shot Blocked by Erik Gudbranson.
13:55 of 3rd period - Shot by Dion Phaneuf.
13:55 of 3rd period - Stopped by Sebastien Centomo without a rebound.
13:56 of 3rd period - Maxime Talbot wins face-off versus Filip Forsberg in Red Wings zone.
14:58 of 3rd period - Cody Hodgson is hit by Rickard Rakell and loses puck.
15:29 of 3rd period - Shot by Tyler Seguin.
15:29 of 3rd period - Stopped by Sebastien Centomo with a rebound.
15:34 of 3rd period - Off-side.
15:35 of 3rd period - David Backes wins face-off versus Ryan O'Marra in neutral zone.
15:38 of 3rd period - Shot by Kris Versteeg.
15:38 of 3rd period - Stopped by Dany Sabourin without a rebound.
15:39 of 3rd period - Ryan O'Marra wins face-off versus David Backes in Bruins zone.
15:50 of 3rd period - Phil Kessel is hit by Erik Gudbranson and loses puck.
16:12 of 3rd period - Brad Marchand is hit by Erik Gudbranson and loses puck.
16:31 of 3rd period - Brad Marchand is hit by Matt Moulson.
17:20 of 3rd period - Minor Penalty to Maxime Talbot for Tripping.
17:21 of 3rd period - Kyle Turris wins face-off versus David Backes in Red Wings zone.
17:22 of 3rd period - Shot by Brent Burns.
17:22 of 3rd period - Shot Misses the Net.
17:24 of 3rd period - Shot by Dion Phaneuf.
17:24 of 3rd period - Stopped by Sebastien Centomo without a rebound.
17:25 of 3rd period - David Backes wins face-off versus Kyle Turris in Red Wings zone.
18:29 of 3rd period - Icing by Travis Moen.
18:30 of 3rd period - Jordan Martinook wins face-off versus Filip Forsberg in Bruins zone.
18:36 of 3rd period - Oleg Saprykin is hit by Dion Phaneuf and loses puck.
19:00 of 3rd period - Icing by Filip Forsberg.
19:01 of 3rd period - Filip Forsberg wins face-off versus David Backes in Bruins zone.
19:01 of 3rd period - Filip Forsberg is hit by David Backes.
19:07 of 3rd period - Shot by David Backes.
19:07 of 3rd period - Shot Misses the Net.
19:13 of 3rd period - Ryan Garbutt is hit by Travis Moen and loses puck.
19:49 of 3rd period - Shot by Cody Hodgson.
19:49 of 3rd period - Shot Misses the Net.
Goals for this period are 0 for Red Wings vs 0 for Bruins.
Shots for this period are 15 for Red Wings vs 10 for Bruins.

Overtime #1


0:01 of 1st overtime period - David Backes wins face-off versus Brad Marchand in neutral zone.
0:38 of 1st overtime period - Shot by Brad Marchand.
0:38 of 1st overtime period - Stopped by Sebastien Centomo without a rebound.
0:39 of 1st overtime period - Scott Gomez wins face-off versus Cody Hodgson in Red Wings zone.
0:42 of 1st overtime period - Shot by Tyler Seguin.
0:42 of 1st overtime period - Shot Blocked by Dalton Prout.
0:44 of 1st overtime period - Shot by Scott Gomez.
0:44 of 1st overtime period - Shot Misses the Net.
0:46 of 1st overtime period - Shot by Scott Gomez.
0:46 of 1st overtime period - Stopped by Sebastien Centomo with a rebound.
0:48 of 1st overtime period - Shot by Scott Gomez.
0:48 of 1st overtime period - Stopped by Sebastien Centomo without a rebound.
0:49 of 1st overtime period - David Backes wins face-off versus Tyler Seguin in Red Wings zone.
2:00 of 1st overtime period - Shot by Brad Marchand.
2:00 of 1st overtime period - Stopped by Sebastien Centomo with a rebound.
2:04 of 1st overtime period - Shot by Scott Gomez.
2:04 of 1st overtime period - Deflect By Brad Marchand.
2:04 of 1st overtime period - Stopped by Sebastien Centomo with a rebound.
2:22 of 1st overtime period - Shot by Brad Marchand.
2:22 of 1st overtime period - Shot Blocked by Dalton Prout.
2:24 of 1st overtime period - Shot by Scott Gomez.
2:24 of 1st overtime period - Stopped by Sebastien Centomo without a rebound.
2:25 of 1st overtime period - David Backes wins face-off versus Kyle Turris in Red Wings zone.
2:44 of 1st overtime period - Shot by Kris Versteeg.
2:44 of 1st overtime period - Stopped by Dany Sabourin with a rebound.
2:46 of 1st overtime period - Shot by David Backes.
2:46 of 1st overtime period - Shot Misses the Net.
2:48 of 1st overtime period - Shot by David Backes.
2:48 of 1st overtime period - Shot Misses the Net.
2:50 of 1st overtime period - Shot by Kris Versteeg.
2:50 of 1st overtime period - Shot Misses the Net.
2:52 of 1st overtime period - Shot by David Backes.
2:52 of 1st overtime period - Stopped by Dany Sabourin with a rebound.
2:56 of 1st overtime period - Shot by David Backes.
2:56 of 1st overtime period - Shot Blocked by Tyler Seguin.
2:58 of 1st overtime period - Shot by Kris Versteeg.
2:58 of 1st overtime period - Stopped by Dany Sabourin without a rebound.
2:59 of 1st overtime period - Cody Hodgson wins face-off versus Scott Gomez in Bruins zone.
3:16 of 1st overtime period - Shot by Brent Burns.
3:16 of 1st overtime period - Stopped by Sebastien Centomo without a rebound.
3:17 of 1st overtime period - Brad Marchand wins face-off versus Jordan Martinook in Red Wings zone.
3:49 of 1st overtime period - Shot by Dalton Prout.
3:49 of 1st overtime period - Goal by Dalton Prout - Red Wings : 4 - Bruins : 3.
Goals for this period are 1 for Red Wings vs 0 for Bruins.
Shots for this period are 4 for Red Wings vs 7 for Bruins.